 Dungeon Crawl Stone Soup version 0.31-a0-4-gefa6de2278 (webtiles) character file.

Game seed: 4976931501778323706

2794 funkygono the Cleaver (level 9, -4/81 HPs)
             Began as a Minotaur Fighter on May 4, 2023.
             Was a Priest of Okawaru.
             Slain by an orc warrior
             ... wielding a +0 glaive
              (12 damage)
             ... on level 7 of the Dungeon.
             The game lasted 00:07:10 (5891 turns).

funkygono the Cleaver (Minotaur Fighter)            Turns: 5891, Time: 00:07:11

Health: -4/81      AC: 19    Str: 24    XL:     9   Next: 43%
Magic:  7/8        EV:  7    Int:  5    God:    Okawaru [***...]
Gold:   301        SH:  5    Dex: 11    Spells: 8/8 levels left

rFire   . . .        a - +0 war axe
rCold   . . .        c - +0 buckler
rNeg    . . .        p - +0 plate armour
rPois   .            v - +2 hat
rElec   .            r - +0 cloak
rCorr   .            (no gloves)
SInv    .            t - +1 pair of boots
Will    .....        (no amulet) Stlth
                     (no ring)
HPRegen 0.33/turn    (no ring)
MPRegen 0.11/turn

%: no passive effects
@: no status effects
A: horns 2, retaliatory headbutt
a: Renounce Religion, Heroism


You were on level 7 of the Dungeon.
You worshipped Okawaru.
Okawaru was most pleased with you.
You visited 1 branch of the dungeon, and saw 7 of its levels.

You collected 301 gold pieces.

Inventory:

Hand Weapons
 a - a +0 war axe (weapon)
Missiles
 s - 5 javelins (quivered)
Armour
 c - a +0 buckler (worn)
 p - a +0 plate armour (worn)
 r - a +0 cloak (worn)
 t - a +1 pair of boots (worn)
 v - a +2 hat (worn)
Jewellery
 e - an amulet of faith
Scrolls
 o - 4 scrolls of teleportation
Potions
 d - a potion of might
 f - a potion of resistance
 g - 2 potions of curing
 h - 3 potions of mutation
 i - 2 potions of heal wounds
 j - a potion of haste {unknown}
 k - a potion of degeneration {unknown}
 l - a potion of magic {unknown}
 n - a potion of attraction {unknown}
 q - 2 potions of ambrosia
 u - a potion of cancellation {unknown}


   Skills:
 + Level 7.9 Fighting
 + Level 11.1 Axes
 + Level 8.2 Armour
 + Level 1.3 Dodging
 + Level 5.4 Shields
 + Level 0.2 Invocations


You had 8 spell levels left.
You didn't know any spells.
Your spell library contained the following spells:

 Spells                   Type           Power      Damage    Failure   Level
 Portal Projectile        Hex/Tloc       0%         N/A       100%        3
 Leda's Liquefaction      Hex/Erth       0%         N/A       100%        4
 Petrify                  Tmut/Erth      0%         N/A       100%        4
 Metabolic Englaciation   Hex/Ice        0%         N/A       100%        5
 Statue Form              Tmut/Erth      0%         N/A       100%        6
 Call Canine Familiar     Summ           Unusable   N/A       N/A         3

Dungeon Overview and Level Annotations

Branches:
Dungeon (7/15)             Temple (0/1) D:6

Altars:
Ashenzari
Dithmenos
Elyvilon
Gozag
Okawaru
Qazlal
Ru
Trog
Wu Jian
Xom


Innate Abilities, Weirdness & Mutations

You have a pair of horns on your head.
You reflexively headbutt those who attack you in melee.


Message History

You barely miss the hound.
The hound is heavily wounded.
The orc warrior barely misses you. The hound bites you but does no damage.
You slash the hound!
You kill the hound!
Okawaru accepts your kill. The orc warrior closely misses you.
You hit the orc priest but do no damage.
You feel like a meek peon again.
The orc priest hits you with a +0 hand axe.
The orc priest looks encouraged for a moment.
The orc warrior hits you but does no damage.
You hit the orc priest but do no damage.
You block the orc priest's attack.
The orc priest looks encouraged for a moment.
The orc warrior barely misses you.
You completely miss the orc priest. Your headbutt misses the orc priest.
You hit the orc priest but do no damage.
The orc priest completely misses you. The orc warrior barely misses you.
The orc priest calls down the wrath of Beogh upon you.
Beogh smites you!
The orc warrior hits you from afar with a +0 glaive.
Unknown command.
You hit the orc priest but do no damage.
The orc priest calls down the wrath of Beogh upon you.
Beogh smites you!
The orc warrior hits you from afar with a +0 glaive!
* * * LOW HITPOINT WARNING * * *
You barely miss the orc priest. You barely miss the orc priest.
The orc priest invokes the aid of Beogh against you.
Pain shoots through your body!
* * * LOW HITPOINT WARNING * * *
The orc warrior hits you but does no damage.
You slash the orc priest! Your headbutt misses the orc priest.
The orc priest is heavily wounded.
The orc priest barely misses you. You furiously retaliate!
You headbutt the orc priest, but do no damage.
The orc warrior hits you from afar with a +0 glaive!
You die...

.......#....# #..
......... #.# ...#....
#.# .....#. ### #.#
#.#..#. ....
#.#####.#.... .....
##......<>...#
......#####.............
..>..oo@.#..#...........
[....o##................
..... #..###...........
.... #.## #####.......
..# #.# ...#.###. # #.#
#.###.# #. #.# .. #.. #.
..# ##.##. ## #..#.


You could see an orc warrior and 2 orc priests.

Vanquished Creatures
  Pikel (D:5)
  Grinder (D:5)
  A wyvern (D:6)
  A steam dragon (D:7)
  4 ice beasts
  A black bear (D:7)
  A sky beast (D:7)
  2 lemures (D:5)
  A centaur (D:7)
  A phantom (D:4)
  A kobold brigand (D:7)
  A bullfrog (D:6)
  3 scorpions
  A howler monkey (D:5)
  3 jellies
  3 hounds
  5 orc priests
  Crazy Yiuf (D:5)
  3 sleepcaps
  2 iguanas
  Ijyb (D:5)
  5 orc wizards
  12 adders
  An ufetubus (D:5)
  3 dart slugs
  20 orcs
  2 ball pythons (D:2)
  2 bats
  3 endoplasms
  A hobgoblin (D:1)
  4 jackals (D:2)
  6 kobolds
  5 quokkas
  4 frilled lizards
  2 goblins
  4 rats
112 creatures vanquished.

Vanquished Creatures (others)
  A fungus (D:5)
  2 plants (D:7)
3 creatures vanquished.

Grand Total: 115 creatures vanquished

Notes
Turn   | Place    | Note
-------+----------+-------------------------------------------
     0 | D:1      | funkygono the Minotaur Fighter began the quest for the Orb.
     0 | D:1      | Reached XP level 1. HP: 19/19 MP: 0/0
    43 | D:1      | You fall into a shaft and drop 1 floor!
   168 | D:1      | Found a faded altar of an unknown god.
   384 | D:1      | Reached XP level 2. HP: 27/27 MP: 1/1
   861 | D:2      | Found a shimmering altar of Xom.
  1001 | D:2      | Reached XP level 3. HP: 28/33 MP: 2/2
  1478 | D:3      | Reached skill level 3 in Axes
  1697 | D:3      | Reached skill level 1 in Dodging
  1697 | D:3      | Reached XP level 4. HP: 40/40 MP: 3/3
  2063 | D:3      | Found an ornate altar of the Wu Jian Council.
  2438 | D:4      | Reached skill level 4 in Axes
  2542 | D:4      | Reached XP level 5. HP: 41/47 MP: 4/4
  2546 | D:4      | Reached skill level 5 in Armour
  2920 | D:4      | Noticed a phantom
  2935 | D:4      | Killed a phantom
  2950 | D:4      | Reached skill level 5 in Axes
  2980 | D:4      | Found an opulent altar of Gozag.
  3126 | D:4      | Found a shadowy altar of Dithmenos.
  3131 | D:4      | Found a sacrificial altar of Ru.
  3132 | D:4      | Found a broken altar of Ashenzari.
  3132 | D:4      | Found a stormy altar of Qazlal.
  3132 | D:4      | Found a bloodstained altar of Trog.
  3135 | D:4      | Found a shimmering altar of Xom.
  3136 | D:4      | Found an iron altar of Okawaru.
  3140 | D:4      | Became a worshipper of Warmaster Okawaru
  3234 | D:5      | Entered Level 5 of the Dungeon
  3238 | D:5      | Reached XP level 6. HP: 55/55 MP: 5/5
  3420 | D:5      | Reached skill level 5 in Fighting
  3703 | D:5      | Noticed Ijyb
  3707 | D:5      | Reached XP level 7. HP: 60/61 MP: 6/6
  3711 | D:5      | Killed Ijyb
  3711 | D:5      | Reached * piety under Okawaru
  3712 | D:5      | Reached skill level 6 in Axes
  3791 | D:5      | Noticed Pikel
  3797 | D:5      | Killed Pikel
  3797 | D:5      | Reached ** piety under Okawaru
  3797 | D:5      | Noticed Grinder
  3798 | D:5      | Reached skill level 7 in Axes
  3812 | D:5      | Killed Grinder
  3813 | D:5      | Reached skill level 8 in Axes
  3813 | D:5      | Reached skill level 5 in Shields
  3813 | D:5      | Reached XP level 8. HP: 35/71 MP: 7/7
  4264 | D:5      | Reached skill level 9 in Axes
  4403 | D:5      | Found a runed translucent door.
  4404 | D:5      | Noticed Crazy Yiuf
  4507 | D:5      | Killed Crazy Yiuf
  4573 | D:6      | Found a staircase to the Ecumenical Temple.
  4890 | D:6      | Reached *** piety under Okawaru
  4891 | D:6      | Reached skill level 10 in Axes
  4999 | D:6      | Found a white marble altar of Elyvilon.
  5281 | D:6      | Reached XP level 9. HP: 79/79 MP: 5/8
  5878 | D:7      | Reached skill level 11 in Axes
  5891 | D:7      | Slain by an orc warrior

Illustrated notes

Levels and vault maps discovered:
D:1:      minmay_arrival_checkered_box, layout_basic,
          ebering_ecumenical_altar_webs, kennysheep_boxes
D:2:      layout_basic, basic_altar, kennysheep_nub
D:3:      layout_loops_ring, nzn_wu_jian_contemplation,
          kennysheep_generic_room_12
D:4:      layout_basic, minitemple, serial_co_window_serial, co_window_paths_b,
          co_window_corner_a, co_window_paths_a, co_window_corner_a,
          co_window_of_opportunity_a, co_window_broadway_a, co_window_2corner,
          co_window_of_opportunity_c, co_window_cross_2,
          co_window_of_opportunity_b, glass_columns_a, glass_columns_a,
          glass_columns_a, glass_columns_a, glass_columns_a,
          nicolae_figureground_pulse
D:5:      layout_gridville, uniq_crazy_yiuf_cottage, uniq_grinder, uniq_pikel,
          uniq_ijyb
D:6:      layout_loops_corners, elyvilon_altar_1, temple_statues, serial_glass,
          glass_columns_a, glass_columns_a, minmay_strange_pillars,
          minmay_strange_pillars, item_on_display_a, kennysheep_generic_room_2
D:7:      layout_rooms, nicolae_ossuary_entry_monument, serial_bayou_pond_b,
          kennysheep_generic_room_13

Skill      XL: |  1  2  3  4  5  6  7  8  9 |
---------------+----------------------------+-----
Fighting       | 4 5 6 7 |  7.9
Armour         | 4 5 6 7 8 |  8.2
Axes           | 3 4 5 8 10 11 | 11.1
Dodging        | 1 |  1.3
Shields        | 4 5 |  5.4
Invocations    | |  0.2

Action                     |  1- 3 |  4- 6 |  7- 9 || total
---------------------------+-------+-------+-------++-------
  Melee: War axe           |    69 |   116 |   166 ||   351
         Headbutt          |     8 |    14 |    30 ||    52
 Invoke: Heroism           |       |       |     5 ||     5
    Use: Scroll            |       |     9 |     5 ||    14
         Potion            |       |     1 |       ||     1
 Armour: Scale mail        |    48 |       |       ||    48
         Plate armour      |    11 |    89 |   105 ||   205
  Dodge: Dodged            |    42 |    36 |    49 ||   127
  Block: Buckler           |     8 |    27 |    32 ||    67

Table legend: (Time is in decaauts)
 A = Elapsed time spent in this place.
 B = Non-inter-level travel time spent in this place.
 C = Inter-level travel time spent in this place.
 D = Time resting spent in this place.
 E = Time spent auto-exploring this place.
 F = Levels seen in this place.
 G = Mean time per level.
                   A        B        C        D        E       F      G
               +--------+--------+--------+--------+--------+-----+--------+
         Total |   5986 |   5753 |    233 |    116 |   4608 |   7 |  855.1 |
       Dungeon |   5986 |   5753 |    233 |    116 |   4608 |   7 |  855.1 |
               +--------+--------+--------+--------+--------+-----+--------+

Top non-repeatable levels by time:
     D:5: 1299 daAuts
     D:4: 1172 daAuts
     D:6: 1014 daAuts
     D:3: 770 daAuts
     D:1: 770 daAuts
     D:2: 716 daAuts
     D:7: 243 daAuts
